 Dungeon Crawl Stone Soup version 0.22-a0-305-gd21a89c (webtiles) character file.

211 xccam the Ruffian (level 5, -1/50 HPs)
             Began as a Troll Monk on Mar 29, 2018.
             Slain by a hound (4 damage)
             ... on level 4 of the Dungeon.
             The game lasted 00:03:40 (2205 turns).

xccam the Ruffian (Troll Monk)                      Turns: 2205, Time: 00:03:41

Health: -1/50      AC:  5    Str: 23 (25) XL:     5   Next: 57%
Magic:  4/4        EV: 15    Int:  4 (6)  God:
Gold:   159        SH:  0    Dex: 14 (17) Spells: 4/4 levels left

rFire    . . .     SeeInvis .     - Unarmed
rCold    . . .     Gourm    +   (no shield)
rNeg     . . .     Faith    .   a - +0 robe
rPois    .         Spirit   .   (helmet restricted)
rElec    .         Reflect  .   (no cloak)
rCorr    .         Harm     .   (gloves unavailable)
MR       .....                  (boots unavailable)
Stlth    +++.......             (no amulet)
HPRegen  0.56/turn              (no ring)
MPRegen  0.09/turn              (no ring)

@: mighty, agile, flying
A: large, unfitting armour, claws 3, fast metabolism 3, gourmand, regeneration
1, shaggy fur 1, tough skin 2
a: no special abilities


You were on level 4 of the Dungeon.
You were full.

You visited 1 branch of the dungeon, and saw 4 of its levels.

You collected 159 gold pieces.

Inventory:

Armour
 a - a +0 robe (worn)
 i - a +0 cloak
Scrolls
 d - 2 scrolls of enchant armour {unknown}
 f - 3 scrolls of blinking {unknown}
 g - 2 scrolls of fear {unknown}
 j - a scroll of enchant weapon {unknown}
 l - 2 scrolls of teleportation {unknown}
 m - 2 scrolls of remove curse {unknown}
 o - a scroll of magic mapping {unknown}
 p - a scroll of noise {unknown}
Potions
 k - a potion of agility
Comestibles
 b - 8 rations


   Skills:
 - Level 2.4 Fighting
 - Level 2.4 Dodging
 - Level 1.0 Stealth
 + Level 6.4 Unarmed Combat


You had 4 spell levels left.
You didn't know any spells.

Dungeon Overview and Level Annotations

Branches:
Dungeon (4/15)
 Temple: D:4-7

Altars:
Elyvilon
Vehumet


Innate Abilities, Weirdness & Mutations

You are too large for most types of armour.
You have claws for hands.
Your metabolism is lightning-fast.
You like to eat raw meat.
Your natural rate of healing is unusually fast.
You are covered in fur. (AC +1)
You have very tough skin. (AC +2)


Message History

It was a potion of agility.
You feel agile all of a sudden. The hound closely misses you.
The orc completely misses you. The hound bites you.
* * * LOW HITPOINT WARNING * * *
It was a potion of flight.
You feel very buoyant.
You fly up into the air.
The hound closely misses you. The orc completely misses you.
It was a potion of degeneration.
There was something very wrong with that liquid.
You feel weakened.
You feel dopey.
You feel clumsy. The hound misses you. The orc hits you but does no damage.
The hound bites you but does no damage.
It was a potion of magic.
Magic courses through your body. The hound completely misses you.
The orc hits you but does no damage.
It was a potion of might.
You feel very mighty all of a sudden. The hound bites you.
You die...

.. .... ##....
# ##..... #.
#..#.###
#####.##.......
.......)....#
#..h)o.##
#...@...#
.............#
####.......#.#
#......## .
#.#(...#
#.##.#.# #.
#.#.. #.####


You could see a hound and an orc.

Vanquished Creatures
  A crimson imp (D:3)
  An orc priest (D:4)
  An orc wizard (D:4)
  5 adders
  An ooze (D:2)
  3 worms
  A dart slug (D:3)
  A leopard gecko (D:3)
  2 orcs
  3 giant cockroaches
  5 goblins
  7 hobgoblins
  3 jackals (D:2)
  3 quokkas
  A ball python (D:3)
  9 bats
  5 frilled lizards
  5 kobolds
  6 rats
63 creatures vanquished.

Vanquished Creatures (others)
  A bat (D:2)
1 creature vanquished.

Grand Total: 64 creatures vanquished

Notes
Turn   | Place    | Note
-------+----------+-------------------------------------------
     0 | D:1      | xccam the Troll Monk began the quest for the Orb.
     0 | D:1      | Reached XP level 1. HP: 22/22 MP: 0/0
   194 | D:1      | Reached XP level 2. HP: 29/29 MP: 1/1
   752 | D:2      | Reached skill level 4 in Unarmed Combat
   818 | D:2      | Reached XP level 3. HP: 32/36 MP: 2/2
  1068 | D:2      | Reached XP level 4. HP: 44/44 MP: 3/3
  1135 | D:2      | Reached skill level 5 in Unarmed Combat
  1143 | D:2      | Found a white marble altar of Elyvilon.
  1700 | D:3      | Found a radiant altar of Vehumet.
  1871 | D:3      | Reached XP level 5. HP: 50/50 MP: 4/4
  2192 | D:4      | Reached skill level 6 in Unarmed Combat
  2201 | D:4      | HP: 1/50 [hound (3)]
  2205 | D:4      | Slain by a hound

Vault maps used:
D:1:      dpeg_arrival_lava_altar, st_stairs_10
D:2:      marbit_many_paths, lemuel_old_faithful
D:3:      vehumet_crystals
D:4:      cheibrodos_thug_alley, gammafunk_temple_overflow_claw

Skill      XL: |  1  2  3  4  5 |
---------------+----------------+-----
Unarmed Combat | 4 5 6 |  6.4
Fighting       | |  2.4
Dodging        | |  2.4
Stealth        | |  1.0

Action                   |  1- 3 |  4- 6 || total
-------------------------+-------+-------++-------
Melee: Unarmed           |    87 |    73 ||   160
       Punch             |     1 |     1 ||     2
  Use: Potion            |       |     5 ||     5
 Stab: Sleeping          |     2 |     1 ||     3
  Eat: Chunk             |    13 |    10 ||    23
Armor: Robe              |    37 |    33 ||    70
Dodge: Dodged            |    38 |    35 ||    73

Table legend:
 A = Spawn XP
 B = Non-spawn XP
 C = Spawn XP percentage of total XP
 D = Spawn monster count
 E = Non-spawn monster count
 F = Spawn count percentage of total count
 G = Total turns spent on level
                    A         B        C        D         E        F      G
               +---------+---------+-------+---------+---------+-------+---------
         Total |       0 |     302 |   0.0 |       0 |      63 |   0.0 |  2205
               +---------+---------+-------+---------+---------+-------+---------
           D:1 |       0 |      27 |   0.0 |       0 |      18 |   0.0 |   709
           D:2 |       0 |      95 |   0.0 |       0 |      22 |   0.0 |   652
           D:3 |       0 |      98 |   0.0 |       0 |      20 |   0.0 |   826
           D:4 |       0 |      82 |   0.0 |       0 |       3 |   0.0 |    18
               +---------+---------+-------+---------+---------+-------+---------
